 Dungeon Crawl Stone Soup version 0.23.2-11-gf996548c65 (webtiles) character file.

Game seed: 6523094156693700955

1813 dvd the Chopper (level 9, -4/88 (89) HPs)
             Began as an Ogre Hunter on June 3, 2019.
             Was a Follower of Okawaru.
             Slain by Harold
             ... wielding a +0 hand axe
              (17 damage)
             ... on level 7 of the Dungeon.
             The game lasted 00:20:47 (7060 turns).

dvd the Chopper (Ogre Hunter)                       Turns: 7060, Time: 00:20:48

HP:   -4/88 (89)    AC:  4    Str: 18    XL:     9   Next: 10%
MP:   9/9           EV: 11    Int: 12    God:    Okawaru [*.....]
Gold: 392           SH:  0    Dex: 12    Spells: 5/8 levels left

rFire    . . .     SeeInvis .   g - +6 war axe
rCold    + . .     Gourm    +   (no shield)
rNeg     . . .     Faith    .   z - +1 robe
rPois    .         Spirit   .   (helmet restricted)
rElec    .         Reflect  .   (no cloak)
rCorr    .         Harm     .   (gloves unavailable)
MR       .....                  (boots unavailable)
Stlth    ++........             n - amulet of the gourmand
HPRegen  0.24/turn              l - ring of wizardry
MPRegen  0.11/turn              b - ring of protection from cold

@: marked
A: large, unfitting armour, tough skin 1
a: Heroism, Renounce Religion


You were on level 7 of the Dungeon.
You worshipped Okawaru.
Okawaru was aware of your devotion.
You were very full.

You visited 2 branches of the dungeon, and saw 8 of its levels.

You collected 392 gold pieces.

Inventory:

Hand Weapons
 g - a +6 war axe (weapon)
 y - a +2 trident of freezing
Missiles
 h - 5 tomahawks (quivered)
 u - 2 throwing nets
Armour
 z - a +1 robe (worn)
Jewellery
 b - a ring of protection from cold (right hand)
 l - a ring of wizardry (left hand)
 n - an amulet of the gourmand (around neck)
 t - an uncursed ring of flight
Scrolls
 a - a scroll of teleportation {unknown}
 i - 6 scrolls of identify
 k - a scroll of magic mapping
 q - a scroll of fear
 s - 3 scrolls of amnesia
 A - a scroll of blinking {unknown}
Potions
 e - a potion of mutation {unknown}
 j - 2 potions of heal wounds {unknown}
 m - 2 potions of degeneration {unknown}
 o - 2 potions of brilliance {unknown}
 p - a potion of invisibility
 r - 2 potions of flight {unknown}
 v - a potion of might {unknown}
 w - a potion of curing {unknown}
Comestibles
 f - 13 rations


   Skills:
 + Level 6.0 Fighting
 + Level 7.7(7.8) Axes
   Level 1.2(4.6) Maces & Flails
 + Level 6.6 Throwing
 + Level 3.5 Dodging
 + Level 2.4 Stealth


You had 5 spell levels left.
You knew the following spells:

 Your Spells              Type           Power        Failure   Level  Hunger
a - Regeneration          Chrm/Necr      #.........   36%         3    ####...

Your spell library contained the following spells:

 Spells                   Type           Power        Failure   Level  Hunger
 Animate Skeleton         Necr           N/A          13%         1    ##.....
 Apportation              Tloc           #.....       13%         1    ##.....
 Confusing Touch          Hex            #.....       13%         1    ##.....
 Summon Small Mammal      Summ           #...         13%         1    ##.....
 Static Discharge         Conj/Air       #.......     36%         3    ####...
 Summon Lightning Spire   Summ/Air       #.......     75%         4    #####..
 Borgnjor's Vile Clutch   Necr/Erth      #.........   97%         5    ######.


Dungeon Overview and Level Annotations

Branches:
Dungeon (7/15)             Temple (1/1) D:6

Altars:
Ashenzari
Cheibriados
Dithmenos
Elyvilon
Fedhas
Gozag
Hepliaklqana
Kikubaaqudgha
Makhleb
Okawaru
Qazlal
Ru
Sif Muna
Trog
Uskayaw
Wu Jian
Xom
Yredelemnul
Zin
The Shining One

Annotations:
D:3 3 runed translucent doors, Killmatronix's ghost, amateur GrEn
D:7 Harold; Pikel


Innate Abilities, Weirdness & Mutations

You are too large for most types of armour.
You have tough skin. (AC +1)


Message History

A hungry ghost comes into view.
Pikel hits you with a +2 whip of electrocution.
An orc priest comes into view.
Harold completely misses you.
Pikel drinks a potion.
Pikel suddenly seems more agile.
You barely miss Harold.
Harold is moderately wounded.
You slash Pikel!
An orc comes into view.
Harold hits you with a +0 hand axe!
* * * LOW HITPOINT WARNING * * *
Pikel hits you but does no damage.
You hit Pikel.
Pikel is heavily wounded.
You hit Harold.
The orc priest invokes the aid of Beogh against you.
Beogh smites you!
* * * LOW HITPOINT WARNING * * *
Harold hits you with a +0 hand axe!
You die...

.....#
......
....###
......#
###.#.#.#
..W#.#.#
###p#o#(#
#@Kppo..#
#@#.#.###
#(#<#.#
#.###.#
#.....#
#######


You could see Harold, Pikel, a hungry ghost, 3 slaves, an orc priest and an orc.

Vanquished Creatures
  Eustachio (D:4)
  Menkaure (D:5)
  Duvessa (D:4)
  A necrophage (D:5)
  An ice beast (D:6)
  A phantom (D:6)
  A sky beast (D:6)
  2 ogres
  A centaur (D:6)
  Blork the orc (D:4)
  A bullfrog (D:6)
  Dowan (D:4)
  A scorpion (D:4)
  2 jellies (D:5)
  2 orc priests
  2 hounds
  An iguana (D:6)
  6 orc wizards
  2 worker ants
  7 adders
  2 shadow imps (D:5)
  A worm (D:3)
  An adder skeleton (D:6)
  3 dart slugs
  3 leopard geckos
  13 orcs
  3 ball pythons
  11 bats
  5 giant cockroaches
  11 goblins
  15 hobgoblins
  4 jackals (D:6)
  3 quokkas
  7 frilled lizards
  9 kobolds
  A quokka skeleton (D:5)
  10 rats
138 creatures vanquished.

Notes
Turn   | Place    | Note
-------+----------+-------------------------------------------
     0 | D:1      | dvd the Ogre Hunter began the quest for the Orb.
     0 | D:1      | Reached XP level 1. HP: 22/22 MP: 1/1
    86 | D:1      | Reached XP level 2. HP: 24/29 MP: 2/2
   421 | D:1      | Reached XP level 3. HP: 36/36 MP: 3/3
  1031 | D:2      | Found a blossoming altar of Fedhas.
  1064 | D:2      | Found a hazy altar of Hepliaklqana.
  1077 | D:2      | Reached skill level 1 in Maces & Flails
  1077 | D:2      | Reached skill level 5 in Throwing
  1196 | D:2      | Reached XP level 4. HP: 44/44 MP: 4/4
  1909 | D:3      | Found a runed translucent gate.
  1911 | D:3      | Found a runed translucent gate.
  1911 | D:3      | Found a runed translucent gate.
  1914 | D:3      | Noticed Killmatronix's ghost (amateur GrEn)
  2225 | D:3      | Reached skill level 1 in Axes
  2229 | D:3      | Reached XP level 5. HP: 27/53 MP: 5/5
  2652 | D:3      | Reached skill level 2 in Axes
  2875 | D:3      | Found a burning altar of Makhleb.
  3414 | D:4      | Noticed Dowan
  3417 | D:4      | Noticed Duvessa
  3418 | D:4      | Killed Dowan
  3418 | D:4      | Reached skill level 3 in Axes
  3418 | D:4      | Reached XP level 6. HP: 60/62 MP: 6/6
  3658 | D:4      | Killed Duvessa
  3658 | D:4      | Reached skill level 1 in Stealth
  3704 | D:4      | Noticed Blork the orc
  3706 | D:4      | Killed Blork the orc
  3706 | D:4      | Reached skill level 4 in Axes
  3706 | D:4      | Reached XP level 7. HP: 61/70 MP: 7/7
  3736 | D:4      | Noticed Eustachio
  3758 | D:4      | Killed Eustachio
  4025 | D:4      | Reached skill level 5 in Axes
  4477 | D:4      | Found a stormy altar of Qazlal.
  4514 | D:4      | Found a white marble altar of Elyvilon.
  4807 | D:5      | Entered Level 5 of the Dungeon
  4971 | D:5      | Found a shattered altar of Ashenzari.
  5157 | D:5      | Reached XP level 8. HP: 78/78 MP: 8/8
  5246 | D:5      | Reached skill level 6 in Axes
  5393 | D:5      | Found a snail-covered altar of Cheibriados.
  5397 | D:5      | Noticed Menkaure
  5399 | D:5      | Killed Menkaure
  5399 | D:5      | Reached skill level 5 in Fighting
  5732 | D:5      | Found an opulent altar of Gozag.
  5732 | D:5      | Found a hide-covered altar of Uskayaw.
  5738 | D:5      | Found a glowing golden altar of the Shining One.
  5740 | D:5      | Found a faded altar of an unknown god.
  5741 | D:5      | Found a faded altar of an unknown god.
  5880 | D:6      | Found a staircase to the Ecumenical Temple.
  5882 | D:6      | Identified the Handbook of Feathery Evil Rituals
  5892 | D:6      | Learned a level 3 spell: Regeneration
  5902 | Temple   | Entered the Ecumenical Temple
  5994 | Temple   | Became a worshipper of Warmaster Okawaru
  6340 | D:6      | Reached skill level 7 in Axes
  6399 | D:6      | Found an iron altar of Okawaru.
  6575 | D:6      | Reached * piety under Okawaru
  6575 | D:6      | Reached XP level 9. HP: 88/88 MP: 9/9
  6807 | D:6      | Found a glowing silver altar of Zin.
  7050 | D:7      | Noticed Harold
  7054 | D:7      | Noticed Pikel
  7060 | D:7      | Slain by Harold

Skill      XL: |  1  2  3  4  5  6  7  8  9 |
---------------+----------------------------+-----
Maces & Flails | 1 |  1.2
Throwing       | 5 6 |  6.6
Dodging        | 2 3 |  3.5
Fighting       | 3 4 5 6 |  6.0
Axes           | 1 3 4 5 7 |  7.7
Stealth        | 1 2 |  2.4

Action                   |  1- 3 |  4- 6 |  7- 9 || total
-------------------------+-------+-------+-------++-------
Melee: Short sword       |     5 |       |       ||     5
       Mace              |    23 |       |       ||    23
       War axe           |     5 |    80 |   114 ||   199
Throw: Large rock        |    42 |    38 |    32 ||   112
       Throwing net      |       |     2 |     1 ||     3
       Tomahawk          |       |       |     6 ||     6
  Use: Scroll            |       |     6 |     2 ||     8
 Stab: Sleeping          |       |       |     1 ||     1
       Distracted        |       |       |     1 ||     1
  Eat: Chunk             |    14 |     8 |     9 ||    31
Armor: Robe              |     7 |    11 |    19 ||    37
Dodge: Dodged            |    28 |    59 |    67 ||   154
